 Dungeon Crawl Stone Soup version 0.31-a0-1620-gcbf77bbcfc (webtiles) character file.

Game seed: 10190410504266832706

947 Gargoyl the Trooper (level 8, 0/81 HPs)
             Began as a Gargoyle Berserker on Jan 11, 2024.
             Was a Believer of Trog.
             Incinerated by a bombardier beetle (2 damage)
             ... with a burning spray
             ... on level 4 of the Dungeon.
             The game lasted 00:04:05 (2540 turns).

Gargoyl the Trooper (Gargoyle Berserker)            Turns: 2540, Time: 00:04:05

Health: 0/81       AC: 24    Str: 22    XL:     8   Next: 13%
Magic:  2/2        EV:  2    Int:  7    God:    Trog [**....]
Gold:   198        SH:  0    Dex: 11    Spells: 7/7 levels left

rFire   + . .        h - +0 hand axe (antimagic)
rCold   + . .        (no shield)
rNeg    + . .        f - melded +1 ring mail
rPois   ∞            (helmet currently unavailable)
rElec   +            (cloak currently unavailable)
rCorr   +            (gloves currently unavailable)
SInv    .            (boots currently unavailable)
Will    +++..        (no amulet)
Stlth   ++           (no ring)
HPRegen 1.33/turn    (no ring)
MPRegen 0.08/turn

%: no passive effects
@: on fire, tree-form, resistant, strong-willed, attractive, enlightened, held,
regenerating, glowing
A: stationary, stasis, torment immunity, boosted hp, sickness immunity, AC +5,
negative energy resistance 1, (electricity resistance), torment resistance 1,
petrification resistance
a: Renounce Religion, Berserk, Trog's Hand


You were on level 4 of the Dungeon.
You worshipped Trog.
Trog was pleased with you.
You were a tree.
You visited 1 branch of the dungeon, and saw 4 of its levels.

You collected 198 gold pieces.

Inventory:

Hand Weapons
 a - a +0 hand axe
 h - a +0 antimagic hand axe (weapon)
 i - a +0 spear
 p - a +0 war axe
Missiles
 g - 14 poisoned darts (quivered)
Armour
 f - a +1 ring mail (melded)
Wands
 l - a wand of acid (5)
 n - a wand of flame (14)
Scrolls
 b - a scroll of identify
 m - a scroll of fear
Potions
 c - a potion of enlightenment
 j - a potion of lignification
 k - a potion of curing {unknown}
 q - a potion of experience


   Skills:
 + Level 7.7 Fighting
 + Level 7.3 Axes
 + Level 7.3 Armour
 + Level 5.7 Dodging
 + Level 6.7 Stealth


You had 7 spell levels left.
You didn't know any spells.
Your spell library was empty.

Dungeon Overview and Level Annotations

Branches:
Dungeon (4/15)
 Temple: D:4-7

Altars:

Annotations:
D:3 2 transporters, koorschki's ghost, amateur OpSh


Innate Abilities, Weirdness & Mutations

You are a tree.
Your roots penetrate the ground, keeping you stationary.
You cannot be teleported.
You are immune to unholy pain and torment.
Your maximum health is greatly increased.
Your equipment is partially melded.
You are immune to sickness and miasma.
((Your stone body is resilient. (AC +5)))
You are immune to poison.
You resist negative energy. (rN+)
((You are resistant to electric shocks. (rElec)))
You are resistant to unholy torment.
You are immune to petrification.


Message History

* * * LOW HITPOINT WARNING * * *
Unknown command.
It was a potion of enlightenment.
You feel very buoyant.
You fly up into the air.
The liquid fire burns you!
* * * LOW HITPOINT WARNING * * *
The bombardier beetle bites you but does no damage.
The ribbon worm bites you but does no damage.
It was a potion of lignification.
You turn into a tree.
Your +1 ring mail melds into your body.
Your roots penetrate the ground.
The liquid fire burns you!
* * * LOW HITPOINT WARNING * * *
The bombardier beetle bites you but does no damage.
It was a potion of experience.
You feel more experienced!
Your Fighting skill gained 3 levels and is now at level 7!
Your Axes skill gained 2 levels and is now at level 7!
Your Armour skill gained 4 levels and is now at level 7!
Your Dodging skill gained 2 levels and is now at level 5!
Your Stealth skill gained 6 levels and is now at level 6!
You have reached level 8!
You feel stronger. The liquid fire burns you!
* * * LOW HITPOINT WARNING * * *
The ribbon worm bites you but does no damage.
It was a potion of resistance.
You feel protected. The liquid fire burns you!
* * * LOW HITPOINT WARNING * * *
The ribbon worm expels a string of sticky webbing.
The stream of webbing hits you but does no damage.
You are caught in a web!
The bombardier beetle sprays incendiary fluid at you.
The burning spray hits you.
You are even more covered in liquid fire!
It was a potion of attraction.
You feel attractive to monsters. The liquid fire burns you!
You die...

### ###### ##.#
#.# ######..##
##.## ##....#...#
#...#
#...#.[.#.###.#.##
#...###.#..#..#..#
##...#
#.##...###..
#.).## #.##...#
#.. #.♣.# ..###.##
##. #.wB## ..# ###
## #...## ...
#...# #... #.$.
#...# #... #...


You could see a ribbon worm and a bombardier beetle.

Vanquished Creatures
  A sky beast (D:4)
  A scorpion (D:4)
  A howler monkey (D:4)
  A bombardier beetle (D:3)
  2 orc priests (D:3)
  Jessica (D:3)
  An orc wizard (D:3)
  A gnoll (D:1)
  7 adders
  3 dart slugs
  4 orcs
  13 endoplasms
  6 giant cockroaches
  6 goblins
  4 hobgoblins
  4 jackals (D:3)
  3 quokkas
  6 ball pythons
  3 bats
  3 frilled lizards
  7 kobolds
  5 rats
83 creatures vanquished.

Notes
Turn   | Place    | Note
-------+----------+-------------------------------------------
     0 | D:1      | Gargoyl the Gargoyle Berserker began the quest for the Orb.
     0 | D:1      | Reached XP level 1. HP: 14/14 MP: 1/1
   131 | D:1      | Reached XP level 2. HP: 19/19 MP: 2/2
   411 | D:1      | Reached XP level 3. HP: 24/24 MP: 3/3
   704 | D:2      | Reached ** piety under Trog
   716 | D:2      | Reached XP level 4. HP: 28/29 MP: 4/4
   809 | D:2      | Found a faded altar of an unknown god.
  1541 | D:3      | Noticed Jessica
  1547 | D:3      | Killed Jessica
  1548 | D:3      | Reached XP level 5. HP: 33/33 MP: 1/5
  1773 | D:3      | Reached XP level 6. HP: 38/38 MP: 2/6
  1927 | D:3      | Found a transporter.
  1940 | D:3      | Noticed koorschki's ghost (amateur OpSh)
  2048 | D:3      | Found a transporter.
  2430 | D:4      | Noticed a sky beast
  2444 | D:4      | Killed a sky beast
  2445 | D:4      | Reached skill level 5 in Axes
  2445 | D:4      | Reached XP level 7. HP: 44/44 MP: 2/7
  2521 | D:4      | Identified the +1 robe of Vujonir {rElec Will- Str+3 Int+3}
  2536 | D:4      | HP: 2/44 [burnt (4)]
  2538 | D:4      | Reached skill level 5 in Dodging
  2538 | D:4      | Reached XP level 8. HP: 5/54 MP: 2/8
  2540 | D:4      | Incinerated by a bombardier beetle

Illustrated notes

Levels and vault maps discovered:
D:1:      ncdulo_wetmaze, layout_loops_ring, serial_bayou_pond_c
D:2:      wander_river, layout_basic, ebering_ecumenical_altar_ruins,
          minmay_cut_off
D:3:      layout_loops_ring, gammafunk_ghost_stat_death, uniq_jessica
D:4:      layout_basic, nemelex_diamond_rough_becter, serial_curves,
          eino_curves_03, eino_curves_02

Skill      XL: |  1  2  3  4  5  6  7 |
---------------+----------------------+-----
Axes           | 3 4 5 7 |  7.3
Fighting       | 4 7 |  7.7
Dodging        | 2 3 5 |  5.7
Armour         | 3 7 |  7.3
Stealth        | 6 |  6.7

Action                     |  1- 3 |  4- 6 |  7- 9 || total
---------------------------+-------+-------+-------++-------
  Melee: Hand axe          |    90 |   156 |     6 ||   252
         Punch             |     1 |     2 |       ||     3
 Invoke: Berserk           |     3 |     3 |       ||     6
         Trog's Hand       |       |     2 |     1 ||     3
    Use: Scroll            |     2 |     6 |     1 ||     9
         Potion            |       |       |     5 ||     5
 Armour: Animal skin       |    17 |       |       ||    17
         Ring mail         |    34 |   129 |     5 ||   168
         Skin              |       |       |     2 ||     2
  Dodge: Dodged            |    46 |   132 |     2 ||   180

Table legend: (Time is in decaauts)
 A = Elapsed time spent in this place.
 B = Non-inter-level travel time spent in this place.
 C = Inter-level travel time spent in this place.
 D = Time resting spent in this place.
 E = Time spent auto-exploring this place.
 F = Levels seen in this place.
 G = Mean time per level.
                   A        B        C        D        E       F      G
               +--------+--------+--------+--------+--------+-----+--------+
         Total |   2667 |   2618 |     49 |     28 |   1799 |   4 |  666.8 |
       Dungeon |   2667 |   2618 |     49 |     28 |   1799 |   4 |  666.8 |
               +--------+--------+--------+--------+--------+-----+--------+

Top non-repeatable levels by time:
     D:3: 814 daAuts
     D:2: 745 daAuts
     D:1: 720 daAuts
     D:4: 388 daAuts
